 Dungeon Crawl Stone Soup version 0.30-a0-354-g6b83867211 (webtiles) character file.

Game seed: 7642434511625425195

6 blackman the Sneak (level 2, -1/24 HPs)
             Began as a Human Delver on Nov 8, 2022.
             Killed from afar by a white imp (9 damage)
             ... with a puff of frost
             ... on level 7 of the Dungeon.
             The game lasted 00:00:31 (146 turns).

blackman the Sneak (Human Delver)                    Turns: 146, Time: 00:00:32

Health: -1/24      AC:  3    Str: 12    XL:     2   Next: 0%
Magic:  2/2        EV: 12    Int: 10    God:
Gold:   12         SH:  0    Dex: 14    Spells: 1/1 levels left

rFire   . . .      SeeInvis .    a - +0 falchion
rCold   . . .      Faith    .    (no shield)
rNeg    . . .      Spirit   .    b - +0 leather armour
rPois   .          Reflect  .    (no helmet)
rElec   .          Harm     .    (no cloak)
rCorr   .          Rampage  .    (no gloves)
Will    .....                    (no boots)
Stlth   +++.......               (no amulet)
HPRegen 0.24/turn                (no ring)
MPRegen 0.08/turn                (no ring)

@: no status effects
A: no striking features
a: no special abilities


You were on level 7 of the Dungeon.
You visited 1 branch of the dungeon, and saw 3 of its levels.

You collected 12 gold pieces.

Inventory:

Hand Weapons
 a - a +0 falchion (weapon)
Armour
 b - a +0 leather armour (worn)
Wands
 g - a wand of digging (3)
Scrolls
 c - a scroll of fog
 d - a scroll of magic mapping
 h - a scroll of teleportation {unknown}
Potions
 f - a potion of haste


   Skills:
 - Level 3.0 Fighting
 + Level 2.6 Long Blades
 - Level 2.0 Dodging
 - Level 5.0 Stealth


You had one spell level left.
You didn't know any spells.
Your spell library was empty.

Dungeon Overview and Level Annotations

Branches:
Dungeon (7/15)
 Temple: D:4-7

Altars:


Message History

You hit the orc.
The orc is almost dead.
The orc hits you with a +0 hand axe.
You hit the orc but do no damage.
The orc is almost dead.
The orc hits you with a +0 hand axe.
* * * LOW HITPOINT WARNING * * *
You closely miss the orc.
The orc is almost dead.
The orc hits you with a +0 hand axe.
* * * LOW HITPOINT WARNING * * *
You completely miss the orc.
The orc is almost dead.
The orc closely misses you.
You hit the orc.
You kill the orc!
You have reached level 2!
As you read the scroll of fear, it crumbles to dust.
You assume a fearsome visage.
The orc looks frightened! x2
The water moccasin looks frightened!
There is a stone staircase leading down here.
You climb downwards.
Found a stone staircase leading down.
There is a stone staircase leading up here.
There are monsters nearby!
There are monsters nearby!
There are monsters nearby!
The white imp hits you but does no damage.
There is a stone staircase leading down here.
The white imp hits you. The white imp freezes you.
* * * LOW HITPOINT WARNING * * *
You climb downwards.
Found a stone.
Found a stone staircase leading down.
There is a stone staircase leading up here.
Found a fuming amethyst potion.
Found a stone staircase leading down.
The jelly quivers.
There is a stone staircase leading down here.
The white imp gestures at you. The puff of frost hits you!
You die...

##+##
#...#
##♣...♣##
#...(...#
#.>!♣J<.#
#...5..Y#
##♣.@.♣##
#...#
#####


You could see an ice beast (asleep), a jelly and a white imp.

Vanquished Creatures
  3 orcs (D:5)
3 creatures vanquished.

Notes
Turn   | Place    | Note
-------+----------+-------------------------------------------
     0 | D:5      | blackman the Human Delver began the quest for the Orb.
     0 | D:5      | Reached XP level 1. HP: 18/18 MP: 1/1
    87 | D:5      | Noticed a water moccasin
    98 | D:5      | Reached XP level 2. HP: 4/24 MP: 2/2
   139 | D:6      | Noticed a bullfrog
   143 | D:7      | Noticed an ice beast
   146 | D:7      | Killed from afar by a white imp

Illustrated notes

Levels and vault maps discovered:
D:5:      layout_loops_ring
D:6:      kennysheep_windowed_halls, layout_basic,
          chequers_temple_overflow_statue_of_worship, grunt_decor_junction,
          chequers_serial_rivers_small_a
D:7:      minmay_the_grid_octo_tiled_octocenter [minmay_the_grid_octo_chip,
          minmay_the_grid_octo_focus, minmay_the_grid_octo_clover_2,
          minmay_the_grid_octo_concentric,
          minmay_the_grid_octo_prize_single_spiral,
          minmay_the_grid_square_5x5_detours, minmay_the_grid_square_5x5_comb,
          minmay_the_grid_square_5x5_minibox,
          minmay_the_grid_square_5x5_bridge], layout_loops_ring,
          minmay_temple_entry_mist, kennysheep_diamond, grunt_ministairs_7

Action                   || total
-------------------------++-------
Melee: Falchion          ||    12
  Use: Scroll            ||     1
 Stab: Sleeping          ||     1
Armor: Leather armour    ||     2
Dodge: Dodged            ||     5

Table legend: (Time is in decaauts)
 A = Elapsed time spent in this place.
 B = Non-inter-level travel time spent in this place.
 C = Inter-level travel time spent in this place.
 D = Time resting spent in this place.
 E = Time spent auto-exploring this place.
 F = Levels seen in this place.
 G = Mean time per level.
                   A        B        C        D        E       F      G
               +--------+--------+--------+--------+--------+-----+--------+
         Total |    147 |    147 |      0 |      0 |     76 |   3 |   49.0 |
       Dungeon |    147 |    147 |      0 |      0 |     76 |   3 |   49.0 |
               +--------+--------+--------+--------+--------+-----+--------+

Top non-repeatable levels by time:
     D:5: 141 daAuts
     D:6: 3 daAuts
     D:7: 2 daAuts
